Unix NetHack Version 5.0.0-0 post-release - last build May  4 2026 22:22:43 (774f63e81ad911689b3a0859ea89b322d5daca8d,branch:main).

Game began 2026-05-07 14:15:45, ended 2026-05-07 14:32:19.

246786432, chaotic male orcish Ranger

                                                           --------
   ---------                   --------                    |......|
   |....?..|                   |......|                    |......|
   |.......-#     --------     |......|                ####.......|
   |.......|######|......|   ##........`###   ----- ####   |......|
   |.......|     #|......|   # --|---.-`######...<| #      --.-----
   |.......|     #|......| ###   ######`  #   |....##      ###
   ----.----     #.......| #     ###      ##  +...|#       #
       #         #------|- #    ###      ##  #-.---#       #
      ##         #########################   ###   #       #
      #          #      # #     ###         #####  #       #
      #          #     ## #    -+-.-        #   #####      #
      #        ###     ########....-###   --|---- ##       #
      #       ##     ###  #    |...|  ####|.....|  ###    ##
    --|------##    ### #  d    |...|     #......|   ## ---.------
    |........#   ###---|--d    |....##### |.>...|    # |.......{|
    |.......|  #####......@    -----    ##-------    # |........|
    |........#####  |.>..|               ##############.........|
    ---------       ------                             ----------

246786432 the Tenderfoot     St:16 Dx:11 Co:14 In:13 Wi:15 Ch:7  Chaotic
Dlvl:2  $:40 HP:0(18) Pw:4(4) AC:7  Xp:2 T:1011 

Latest messages:
 The gnome lord throws 2 daggers!
 You are almost hit by the 1st dagger.
 The 1st dagger misses.
 You are hit by the 2nd dagger.
 There is a branch staircase up to the Dungeons of Doom here.
 You see here a dagger.
 The gnome lord throws a dagger!
 You are hit by a dagger.
 The bottle crashes on your head and breaks into shards.
 The magenta potion evaporates.
 It suddenly gets dark.
 You climb up the stairs.
 You can see again.
 You see here a bubbly potion.
 t - a bubbly potion.
 You are beginning to feel hungry.
 What do you want to eat? [fgn or ?*] ?
 This cram ration is bland.
 You finish eating the cram ration.
 You hear someone counting gold coins.
 The door opens.
 The newt strikes at your displaced image and misses you!
 You kill the newt!
 You see here a newt corpse.
 v - a newt corpse.
 The door resists!
 The door opens.
 You descend the stairs.
 There is a branch staircase up to the Dungeons of Doom here.
 You see here 2 daggers.
 What do you want to throw? [$bcdi or ?*] `
 You don't have that object.
 What do you want to throw? [$bcdi or ?*] 3
 Count: 0 <esc>
 Never mind.
 You see here a dagger.
 The gnome lord throws a dagger!
 A dagger misses you.
 The dwarf swings her broad pick.
 The dwarf hits!
 There is a branch staircase up to the Dungeons of Doom here.
 You see here 2 daggers.
 You can't go down here.
 You climb up the stairs.
 The jackal bites!
 The jackal misses the jackal.
 The jackal bites!
 You die...
 Do you want your possessions identified? [ynq] (y) y
 Do you want to see your attributes? [ynq] (y) q

Inventory:
 Coins    ('$')
  $ - 40 gold pieces
 Weapons  (')')
  c - 50 +2 orcish arrows (in quiver)
  d - 34 +0 orcish arrows
  b - a +1 orcish bow (alternate weapon; not wielded)
  i - 4 +0 darts
  a - a +1 orcish dagger (weapon in left hand)
 Armor    ('[')
  e - a blessed +2 cloak of displacement (being worn)
  r - an uncursed +0 scale mail
 Comestibles  ('%')
  n - an uncursed cram ration
  g - 5 uncursed food rations
  f - 5 uncursed tripe rations
  v - an uncursed newt corpse
 Scrolls  ('?')
  s - an uncursed scroll of fire
  l - an uncursed scroll of punishment
 Potions  ('!')
  o - a blessed potion of enlightenment
  t - a blessed potion of paralysis
  h - a cursed potion of polymorph
 Wands    ('/')
  m - a wand of probing (0:6)
 Gems/Stones  ('*')
  q - a cursed worthless piece of violet glass

246786432 the Ranger's attributes:

Background:
 You were a Tenderfoot, a level 2 male orcish Ranger.
 You were chaotic, on a mission for Mars
 who was opposed by Mercury (lawful) and Venus (neutral).
 You were left-handed.
 You were in the Dungeons of Doom, on level 2.
 You entered the dungeon 1011 turns ago.
 You had 21 experience points, 19 more were needed to attain level 3.

Basics:
 You had 0 out of 18 hit points.
 You had all 4 energy points (spell power).
 Your armor class was 7.
 Your wallet contained 40 zorkmids.
 Autopickup was off.

Final Characteristics:
 Your strength was 16 (limit:18/50).
 Your dexterity was 11 (limit:18).
 Your constitution was 14 (limit:18).
 Your intelligence was 13 (limit:16).
 Your wisdom was 15 (limit:16).
 Your charisma was 7 (limit:16).

Final Status:
 You weren't hungry.
 You were unencumbered.
 You were wielding a dagger.
 You had basic skill with dagger.

Final Attributes:
 You were devoutly aligned.
 You were poison resistant.
 You had automatic searching.
 You had infravision.
 You were displaced.
 You were warded.
 You are dead.

Miscellaneous:
 You didn't encounter any bones levels.
 Total elapsed playing time was 16 minutes and 33 seconds.

Major events:
 Turn
    1: 246786432 the chaotic male orcish Ranger entered the dungeon
  886: entered the Gnomish Mines
 1011: killed by a jackal

You didn't know any spells.

Skills:
 Fighting Skills
   bare handed combat [Unskilled]
   riding             [Unskilled]
 Weapon Skills
   dagger             [Basic]
   knife              [Unskilled]
   axe                [Unskilled]
   pick-axe           [Unskilled]
   short sword        [Unskilled]
   morning star       [Unskilled]
   flail              [Unskilled]
   hammer             [Unskilled]
   quarterstaff       [Unskilled]
   polearms           [Unskilled]
   spear              [Unskilled]
   trident            [Unskilled]
   bow                [Basic]
   sling              [Unskilled]
   crossbow           [Unskilled]
   dart               [Unskilled]
   shuriken           [Unskilled]
   boomerang          [Unskilled]
   whip               [Unskilled]
 Spellcasting Skills
   healing spells     [Unskilled]
   divination spells  [Unskilled]
   escape spells      [Unskilled]

Voluntary challenges:
 Character rerolling was not enabled.
 You were illiterate.
 You never genocided any monsters.
 You never polymorphed an object.
 You never changed form.
 You used no wishes.
Achievement:
 You entered the Gnomish Mines.

 The Dungeons of Doom: levels 1 to 3
    Level 1:
       An altar.
    Level 2: <- You were here.
       A fountain.
       Stairs down to The Gnomish Mines.
       Final resting place for
          you, killed by a jackal.
    Level 3:
 The Gnomish Mines:
    Level 3:


Vanquished creatures:
  2 jackals
  a fox
  2 kobolds
  a sewer rat
  a grid bug
  2 lichens
  7 newts
16 creatures vanquished.

No species were genocided or became extinct.

Game over:
                       ----------
                      /          \
                     /    REST    \
                    /      IN      \
                   /     PEACE      \
                  /                  \
                  |    246786432     |
                  |      40 Au       |
                  |   killed by a    |
                  |      jackal      |
                  |                  |
                  |                  |
                  |       2026       |
                 *|     *  *  *      | *
        _________)/\\_//(\/(/\)/\//\/|_)_______

Goodbye 246786432 the Ranger...

You died in The Dungeons of Doom on dungeon level 2 with 220 points,
and 40 pieces of gold, after 1011 moves.
You were level 2 with a maximum of 18 hit points when you died.

